Map: Port Aleksander LE

Players

SKillous

  • Race: Protoss Protoss
  • League: Master
  • Spawn Location: 5:00

LiquidMaNa (MaNa) - Winner!

  • Race: Protoss Protoss
  • League: Master
  • Spawn Location: 11:00

Event: 2019 WCS Winter Europe

VOD

Have the link to the VOD?

Description

Time

  • Played on: Feb. 1, 2019, 11:43 a.m.
  • Length: 6:23

All games in this series

Show
View Real Time Build Order
Export as new Build Order

SKillous Protoss 

Build Orders:  

Get SALT Encoding   

  12  0:01  Probe  
  13  0:13  Probe  
  14  0:18  Pylon  
  14  0:25  Probe  
  15  0:33  Probe  
  15  0:40  Gateway  
  15  0:41  Probe  
  16  0:48  Assimilator  
  17  0:50  Probe  
  17  0:56  Assimilator  
  18  0:59  Probe  
  19  1:08  Probe  
  19  1:09  Gateway  
  20  1:20  Probe  
  21  1:28  Cybernetics Core  
  21  1:32  Probe  
  22  1:37  Pylon  
  22  1:44  Probe  
  23  1:56  Warp Gate, Probe  
  24  2:05  Stalker  
  24  2:06  Stalker  
  28  2:13  Pylon  
  28  2:34  Robotics Facility  
  28  2:35  Stalker  
  29  2:42  Stalker  
  31  3:05  Stalker  
  31  3:12  Stalker  
  35  3:15  Immortal  
  35  3:25  Pylon  
  39  3:45  Shield Battery  
  39  3:53  Stalker x2  
  39  3:55  Warp Prism  
  45  4:12  Gateway  
  45  4:19  Sentry  
  45  4:22  Pylon  
  45  4:42  Stalker  
  45  5:10  Observer  
  45  5:12  Sentry x2  
  50  5:17  Probe  
  51  5:31  Gateway  
  45  5:42  Stalker x2  
  43  6:06  Robotics Bay  
Show
View Real Time Build Order
Export as new Build Order

LiquidMaNa Protoss - Winner!

Build Orders: Oracle Opening, Phoenix Opening 

Get SALT Encoding   

  12  0:00  Probe  
  13  0:12  Probe  
  14  0:19  Pylon  
  14  0:25  Probe  
  15  0:33  Probe  
  15  0:40  Gateway  
  15  0:41  Probe  
  16  0:47  Assimilator  
  17  0:51  Probe  
  17  0:56  Assimilator  
  18  0:59  Probe  
  19  1:08  Probe  
  19  1:09  Gateway  
  20  1:20  Probe  
  21  1:27  Cybernetics Core  
  21  1:32  Probe  
  22  1:37  Pylon  
  22  1:44  Probe  
  23  1:53  Warp Gate  
  23  1:56  Probe  
  24  2:03  Stalker, Sentry  
  29  2:08  Probe  
  29  2:12  Pylon  
  29  2:29  Stalker  
  31  2:38  Phoenix  
  31  2:41  Stargate  
  31  2:57  Nexus  
  31  3:00  Probe  
  33  3:17  Stalker  
  33  3:18  Shield Battery  
  34  3:21  Oracle  
  34  3:22  Stalker  
  39  3:40  Pylon  
  39  3:55  Robotics Facility  
  39  4:01  Shield Battery  
  39  4:02  Shield Battery  
  39  4:06  Stalker  
  41  4:10  Stalker  
  41  4:13  Probe  
  41  4:14  Pylon  
  44  4:19  Pylon  
  44  4:32  Immortal  
  44  4:41  Adept x2  
  44  4:44  Shield Battery  
  50  5:04  Stalker x2  
  49  5:08  Warp Prism  
  48  5:28  Zealot  
  47  5:55  Probe  
  52  6:08  Probe  
Tags
 
Add a new tag
Caveats
  • Supply blocks, unpowered buildings, or Contaminate may cause inaccurate times.
  • Supply counts are checked every 10 seconds.